 Dungeon Crawl Stone Soup version 0.32-a0-909-gc671339a80 (webtiles) character file.

Game seed: 16789395115823192059

1651 Sabo the Chopper (level 9, -1/66 HPs)
             Began as a Coglin Artificer on Mar 24, 2024.
             Was a Priest of Dithmenos.
             Incinerated by a bombardier beetle (6 damage)
             ... with a burning spray
             ... on level 6 of the Dungeon on Apr 6, 2024.
             The game lasted 00:33:15 (5138 turns).

Sabo the Chopper (Coglin Artificer)                 Turns: 5138, Time: 00:33:16

Health: -1/66      AC:  8    Str: 16    XL:     9   Next: 0%
Magic:  9/9        EV: 11    Int: 11    God:    Dithmenos [***...]
Gold:   136        SH:  0    Dex: 15    Spells: 8/8 levels left

rFire   . . .        i - +0 hand axe {Egbert}
rCold   . . .        j - +0 war axe {Kyoko}
rNeg    . . .        a - +3 leather armour
rPois   .            (no helmet)
rElec   .            (no cloak)
rCorr   .            w - +2 pair of gloves
SInv    .            k - +2 pair of boots
Will    .....        (amulet unavailable)
Stlth   +            (ring unavailable)
HPRegen 0.31/turn    (ring unavailable)
MPRegen 0.11/turn    (no gizmo)

%: no passive effects
@: on fire, corroded, glowing, revved
A: off-hand wielding, slow wielding, warmup strikes, no jewellery
a: Invent Gizmo, Renounce Religion, Shadow Step


You were on level 6 of the Dungeon.
You worshipped Dithmenos.
Dithmenos was most pleased with you.
You visited 1 branch of the dungeon, and saw 6 of its levels.

You collected 136 gold pieces.

Inventory:

Hand Weapons
 i - a +0 hand axe (weapon) {Egbert}
 j - a +0 war axe (offhand) {Kyoko}
 x - a +0 flail {Quintus}
 A - a +0 vampiric dagger
Missiles
 h - 3 poisoned darts (quivered)
Armour
 a - a +3 leather armour (worn)
 k - a +2 pair of boots (worn)
 w - a +2 pair of gloves (worn)
 y - a +0 chain mail
 C - a +2 leather armour of positive energy
Wands
 c - a wand of flame (15)
 d - a wand of charming (15)
 e - a wand of iceblast (5)
 z - a wand of polymorph (12)
Scrolls
 f - 3 scrolls of teleportation
 p - a scroll of brand weapon {unknown}
 q - 2 scrolls of blinking
 r - a scroll of noise {unknown}
 s - a scroll of enchant weapon {unknown}
 v - a scroll of poison {unknown}
 B - a scroll of identify
Potions
 b - a potion of brilliance {unknown}
 g - 2 potions of cancellation
 l - 2 potions of haste {unknown}
 m - a potion of might {unknown}
 n - 2 potions of mutation {unknown}
 o - a potion of degeneration {unknown}
 t - a potion of resistance {unknown}
 u - 2 potions of curing {unknown}


   Skills:
 + Level 4.5 Fighting
 + Level 0.4 Short Blades
 + Level 7.7(8.0) Axes
 + Level 2.7(5.2) Maces & Flails
 + Level 3.3 Armour
 + Level 2.7 Dodging
 + Level 1.8 Stealth
 + Level 4.8 Evocations


You had 8 spell levels left.
You didn't know any spells.
Your spell library was empty.

Dungeon Overview and Level Annotations

Branches:
Dungeon (6/15)             Temple (0/1) D:4

Altars:
Dithmenos
Elyvilon
Hepliaklqana
Kikubaaqudgha
Makhleb
Nemelex Xobeh
Wu Jian
Zin


Innate Abilities, Weirdness & Mutations

You can wield a second weapon in your off-hand.
It takes a long time for you to wield or remove held weapons.
Your first few attacks do less damage.
You cannot equip rings or amulets.


Message History

Dithmenos accepts your kill. The liquid fire burns you!
The bombardier beetle waves its antennae.
You hit the bombardier beetle with your +0 war axe.
The bombardier beetle is moderately wounded.
You hit the bombardier beetle but do no damage.
The liquid fire burns you!
* * * LOW HITPOINT WARNING * * *
You hit the bombardier beetle with your +0 hand axe.
The bombardier beetle is heavily wounded.
You hit the bombardier beetle but do no damage.
The liquid fire burns you!
* * * LOW HITPOINT WARNING * * *
The bombardier beetle bites you but does no damage.
You hit the bombardier beetle but do no damage.
The bombardier beetle is heavily wounded.
You barely miss the bombardier beetle with your +0 war axe.
The liquid fire burns you!
* * * LOW HITPOINT WARNING * * *
You hit the bombardier beetle with your +0 hand axe.
The bombardier beetle is almost dead.
You slash the bombardier beetle with your +0 war axe!
You kill the bombardier beetle!
Dithmenos accepts your kill. The liquid fire burns you!
* * * LOW HITPOINT WARNING * * *
You have reached level 9!
Your experience leads to an increase in your attributes!
Increase (S)trength, (I)ntelligence, or (D)exterity?
You feel stronger. x2
You shake off some of the fire as you move.
The liquid fire burns you!
* * * LOW HITPOINT WARNING * * *
Items here: )) ††.
Okay, then.
Unknown command.
As you read the scroll of identify, it crumbles to dust.
g - 2 potions of cancellation The liquid fire burns you!
You die...

##.....................#*,,,,,,,,
#.....................#*,,,,,,,,
#.....................#*,,,,,,,,
#............#........#*,,,,,,,,
#######......#.........*,,,,,,,,
########.........*,,,,,,,,
****................*,,,,,,,,
*,,,........).#...##*,,,,,,,,
*,,,........@.#####**,,,,,,,,
*,,,................,,,,,,,,,
*,,,................,,,,,,,,,
*,,,................,,,,,**,,
*,,,................,,,,,**,,
*,,,,...............,,,,,**,,
*,,,,............#..,,,*****,
*,,,,............#..,,,* *,
*,,,,,,,,,,,,,,,,*,,,,,* *,


There were no monsters in sight!

Vanquished Creatures
  A water moccasin (D:5)
  A hornet zombie (D:5)
  2 phantoms (D:5)
  3 scorpions
  3 water moccasin zombies (D:5)
  A howler monkey (D:3)
  2 bombardier beetles
  2 bullfrog zombies (D:5)
  2 centaur zombies (D:5)
  2 orc priests (D:5)
  4 hounds
  2 jellies
  A bullfrog skeleton (D:5)
  An iguana (D:5)
  2 scorpion zombies (D:5)
  A sleepcap (D:3)
  7 hound zombies (D:5)
  A hound skeleton (D:5)
  A howler monkey zombie (D:5)
  7 gnolls
  6 adders
  A white imp (D:5)
  2 ufetubi (D:5)
  2 ribbon worms (D:2)
  4 dart slugs
  13 orcs
  6 ball pythons
  3 bats
  2 endoplasms (D:3)
  2 giant cockroaches (D:1)
  5 goblins (D:1)
  5 hobgoblins
  6 jackals
  4 kobolds
  6 quokkas
  2 frilled lizards (D:3)
  6 rats
121 creatures vanquished.

Notes
Turn   | Place    | Note
-------+----------+-------------------------------------------
     0 | D:1      | Sabo the Coglin Artificer began the quest for the Orb.
     0 | D:1      | Reached XP level 1. HP: 15/15 MP: 1/1
    97 | D:1      | Reached XP level 2. HP: 15/21 MP: 2/2
   506 | D:1      | Reached XP level 3. HP: 22/26 MP: 3/3
   756 | D:2      | Reached skill level 1 in Maces & Flails
   890 | D:2      | Reached skill level 1 in Axes
  1195 | D:2      | Reached XP level 4. HP: 25/32 MP: 4/4
  1761 | D:3      | Reached skill level 1 in Dodging
  1825 | D:3      | Reached skill level 2 in Axes
  1825 | D:3      | Reached XP level 5. HP: 30/38 MP: 5/5
  2290 | D:3      | Reached skill level 1 in Stealth
  2426 | D:3      | Found a faded altar of an unknown god.
  2450 | D:3      | Prayed at the altar of an unknown god.
  2450 | D:3      | Became a worshipper of Dithmenos the Shadowed
  2450 | D:3      | Reached * piety under Dithmenos
  2505 | D:3      | Found a white marble altar of Elyvilon.
  2578 | D:3      | Found a hazy altar of Hepliaklqana.
  2811 | D:4      | Reached skill level 3 in Axes
  2811 | D:4      | Reached XP level 6. HP: 33/44 MP: 6/6
  3230 | D:4      | Upgraded the game from 0.32-a0-818-gb728d0252e to
                  | 0.32-a0-909-gc671339a80
  3277 | D:4      | Found a staircase to the Ecumenical Temple.
  3716 | D:4      | Reached XP level 7. HP: 52/52 MP: 7/7
  3887 | D:5      | Entered Level 5 of the Dungeon
  3896 | D:5      | Reached skill level 4 in Axes
  3927 | D:5      | Reached skill level 5 in Axes
  3986 | D:5      | Found an ancient bone altar of Kikubaaqudgha.
  3991 | D:5      | Found a sparkling altar of Nemelex Xobeh.
  3991 | D:5      | Found a burning altar of Makhleb.
  4026 | D:5      | Found a glowing silver altar of Zin.
  4028 | D:5      | Found an ornate altar of the Wu Jian Council.
  4043 | D:5      | Reached XP level 8. HP: 58/58 MP: 8/8
  4304 | D:5      | Reached ** piety under Dithmenos
  4360 | D:5      | Reached skill level 6 in Axes
  4669 | D:5      | Reached skill level 7 in Axes
  5131 | D:6      | Reached *** piety under Dithmenos
  5137 | D:6      | Reached XP level 9. HP: 7/66 MP: 9/9
  5138 | D:6      | Incinerated by a bombardier beetle

Illustrated notes

Levels and vault maps discovered:
D:1:      dpeg_arrival_lava_temple_mockup, layout_rooms
D:2:      layout_basic
D:3:      layout_basic, mainiacjoe_overflow_chevrons,
          nzn_hepliaklqana_mist_gate, serial_corexii_hall,
          chequers_hall_statues_y, chequers_hall_statues_y,
          corexii_hall_statues_t, corexii_hall_statues_deadend,
          hellmonk_ecumenical_altar_dog_temple
D:4:      layout_loops_ring, temple_pool_b
D:5:      layout_basic, grunt_temple_overflow_open, serial_undead,
          serial_undead_c, serial_undead_f, serial_undead_a, serial_undead_e,
          serial_undead_c, serial_undead_e, serial_undead_d, serial_undead_f,
          serial_undead_d, serial_undead_f
D:6:      layout_basic, mainiacjoe_sewer_entry_somewhere_in_here_2,
          serial_library_hellmonk_narrow_alcove, uniq_grinder

Skill      XL: |  1  2  3  4  5  6  7  8 |
---------------+-------------------------+-----
Armour         | 2 3 |  3.3
Maces & Flails | 1 2 |  2.7
Axes           | 1 2 3 5 7 |  7.7
Dodging        | 1 2 |  2.7
Fighting       | 2 3 4 |  4.5
Stealth        | 1 |  1.8
Short Blades   | |  0.4
Evocations     | |  4.8

Action                     |  1- 3 |  4- 6 |  7- 9 || total
---------------------------+-------+-------+-------++-------
  Melee: Club              |    62 |    71 |       ||   133
         Dagger            |    24 |       |       ||    24
         War axe           |    45 |   107 |   191 ||   343
         Flail             |       |    27 |    24 ||    51
         Hand axe          |       |       |   161 ||   161
    Use: Scroll            |     2 |     5 |     2 ||     9
         Potion            |       |     1 |       ||     1
 Armour: Leather armour    |    66 |    30 |   149 ||   245
         Scale mail        |       |    76 |       ||    76
  Dodge: Dodged            |    52 |    85 |   169 ||   306

Table legend: (Time is in decaauts)
 A = Elapsed time spent in this place.
 B = Non-inter-level travel time spent in this place.
 C = Inter-level travel time spent in this place.
 D = Time resting spent in this place.
 E = Time spent auto-exploring this place.
 F = Levels seen in this place.
 G = Mean time per level.
                   A        B        C        D        E       F      G
               +--------+--------+--------+--------+--------+-----+--------+
         Total |   5212 |   5212 |      0 |    895 |      0 |   6 |  868.7 |
       Dungeon |   5212 |   5212 |      0 |    895 |      0 |   6 |  868.7 |
               +--------+--------+--------+--------+--------+-----+--------+

Top non-repeatable levels by time:
     D:5: 1187 daAuts
     D:4: 1103 daAuts
     D:3: 1103 daAuts
     D:2: 998 daAuts
     D:1: 734 daAuts
     D:6: 85 daAuts
